 Dungeon Crawl Stone Soup version 0.27.0-66-gdc8fb28755 (webtiles) character file.

Game seed: 6908348972095541036

50 Malachi the Chopper (level 3, 0/43 HPs)
             Began as a Demonspawn Berserker on Aug 20, 2021.
             Was a Follower of Trog.
             Slain by an adder (1 damage)
             ... on level 2 of the Dungeon.
             The game lasted 00:01:53 (2008 turns).

Malachi the Chopper (Demonspawn Berserker)          Turns: 2008, Time: 00:01:53

Health: 0/43       AC:  2    Str: 21 (24) XL:     3   Next: 55%
Magic:  3/3        EV: 12    Int:  7 (8)  God:    Trog [*.....]
Gold:   55         SH:  4    Dex:  9 (12) Spells: 2/2 levels left

rFire    . . .     SeeInvis .   a - +0 hand axe
rCold    . . .     Faith    .   (no shield)
rNeg     . . .     Spirit   .   b - +0 animal skin
rPois    .         Reflect  .   (no helmet)
rElec    .         Harm     .   (no cloak)
rCorr    .         Rampage  .   (no gloves)
Will     .....                  (no boots)
Stlth    ..........             (no amulet)
HPRegen  0.14/turn              d - +6 ring of strength
MPRegen  0.08/turn              (no ring)

@: berserking (expiring), lethally poisoned (0 -> -1), hasted, very quick
A: condensation shield
a: Renounce Religion, Berserk


You were on level 2 of the Dungeon.
You worshipped Trog.
Trog was aware of your devotion.
You visited 1 branch of the dungeon, and saw 2 of its levels.

You collected 55 gold pieces.

Inventory:

Hand Weapons
 a - a +0 hand axe (weapon)
 g - a +0 dagger of venom
Armour
 b - a +0 animal skin (worn)
Jewellery
 d - a +6 ring of strength (left hand)
Scrolls
 f - a scroll of blinking {unknown}


   Skills:
 - Level 3.0 Fighting
 * Level 4.2 Axes
 - Level 1.7 Armour
 - Level 1.7 Dodging


You had 2 spell levels left.
You didn't know any spells.
Your spell library contained the following spells:

 Spells                   Type           Power      Damage    Failure   Level
 Slow                     Hex            0%         N/A       56%         2
 Confusing Touch          Hex            0%         N/A       80%         3
 Petrify                  Tmut/Erth      0%         N/A       99%         4
 Metabolic Englaciation   Hex/Ice        0%         N/A       100%        5
 Yara's Violent Unravell  Hex/Tmut       0%         3d3       100%        5
 Statue Form              Tmut/Erth      0%         N/A       100%        6


Dungeon Overview and Level Annotations

Branches:
Dungeon (2/15)

Altars:


Innate Abilities, Weirdness & Mutations

A meltable shield of frost defends you. (SH +4)


Message History

You are too injured to fight recklessly!
You are too injured to fight recklessly!
Unknown command.
You barely miss the adder. You barely miss the jackal.
You barely miss the adder.
You feel sick. The adder closely misses you.
The jackal bites you but does no damage.
The adder bites you.
You barely miss the adder. You closely miss the adder. You slash the jackal!
You kill the jackal!
Trog accepts your kill. The adder bites you but does no damage.
The adder bites you.
* * * LOW HITPOINT WARNING * * *
You miss the adder. You slash the adder!
You feel sick. The adder bites you.
* * * LOW HITPOINT WARNING * * *
You are more poisoned.
The adder poisons you! The adder closely misses you.
You hit the adder.
The adder is lightly wounded.
You closely miss the adder.
You feel sick. You block the adder's attack. The adder bites you.
* * * LOW HITPOINT WARNING * * *
You closely miss the adder.
The adder is lightly wounded.
You slash the adder!
You kill the adder!
Trog accepts your kill.
You feel sick. The adder bites you.
* * * LOW HITPOINT WARNING * * *
You slash the adder!
The adder is severely wounded.
* * * LOW HITPOINT WARNING * * *
You feel sick. You block the adder's attack.
You closely miss the adder.
The adder is severely wounded.
The adder barely misses you.
You closely miss the adder.
The adder is severely wounded.
* * * LOW HITPOINT WARNING * * *
You feel sick. The adder bites you.
You die...

.. ## # .
.##..########...
#......S).....#
#@)†#########
#.....#.........#
#....#............######
#... ###................
... ##..(.......#.... ..
#.........###### .
#.........# #...(.....#
...........#


You could see an adder.

Vanquished Creatures
  An adder (D:2)
  A dart slug (D:2)
  A bat (D:1)
  5 endoplasms
  2 goblins (D:1)
  6 hobgoblins
  3 jackals (D:2)
  2 quokkas (D:1)
  6 ball pythons
  A frilled lizard (D:1)
  3 kobolds
  2 rats (D:1)
33 creatures vanquished.

Notes
Turn   | Place    | Note
-------+----------+-------------------------------------------
     0 | D:1      | Malachi the Demonspawn Berserker began the quest for the
                  | Orb.
     0 | D:1      | Reached XP level 1. HP: 18/18 MP: 1/1
    71 | D:1      | Reached skill level 3 in Axes
   350 | D:1      | Gained mutation: A meltable shield of frost defends you.
                  | (SH +4) [demonic ancestry]
   350 | D:1      | Reached XP level 2. HP: 17/24 MP: 2/2
   721 | D:1      | Found a faded altar of an unknown god.
  1950 | D:2      | Reached XP level 3. HP: 29/29 MP: 3/3
  1992 | D:2      | Reached skill level 4 in Axes
  2006 | D:2      | HP: 2/43 [poisoned by an adder]
  2008 | D:2      | Slain by an adder

Illustrated notes

Levels and vault maps discovered:
D:1:      dpeg_arrival_arbitrary_c, layout_basic, basic_ecumenical_altar,
          st_stairs_3
D:2:      layout_rooms, basic_altar, hangedman_decor_push, minmay_pentomino_p2

Skill      XL: |  1  2  3 |
---------------+----------+-----
Axes           | 3 4 |  4.2
Fighting       | |  3.0
Armour         | |  1.7
Dodging        | |  1.7

Action                   || total
-------------------------++-------
Melee: Hand axe          ||    88
Invok: Berserk           ||     2
  Use: Potion            ||     2
 Stab: Sleeping          ||     1
Armor: Animal skin       ||    14
Dodge: Dodged            ||    58
Block: Other             ||    15
